 Dungeon Crawl Stone Soup version 0.17.1-2-g5865329 (webtiles) character file.

23 Chiseanne the Gusty (level 2, 0/25 HPs)
             Began as a Centaur Air Elementalist on Jan 19, 2016.
             Succumbed to an adder's poison
             ... on level 2 of the Dungeon.
             The game lasted 00:02:27 (1889 turns).

Chiseanne the Gusty (Centaur Air Elementalist)      Turns: 1889, Time: 00:02:27

Health: 0/25       AC:  7    Str: 10    XL:     2   Next: 75%
Magic:  3/4        EV:  7    Int: 14    God:
Gold:   34         SH:  0    Dex: 14    Spells: 2 memorised, 1 level left

rFire  . . .     SeeInvis .     i - +0 hand axe (curse)
rCold  . . .     Clarity  .     l - +0 chain mail
rNeg   . . .     SustAt   .     (no shield)
rPois  .         Gourm    .     (no helmet)
rElec  .         Spirit   .     (no cloak)
rCorr  .         Warding  .     (no gloves)
rMut   .         Stasis   .     (no barding)
MR     .....                    (no amulet)
Stlth  ..........               (no ring)
                                (no ring)

@: agile, lethally poisoned (0 -> -10), flying, very slightly contaminated,
repel missiles, invisible, very quick, not resistant to hostile enchantments,
extremely unstealthy
A: hooves 3, deformed body, speed 2, tough skin 3
a: no special abilities


You were on level 2 of the Dungeon.
You were not hungry.

You visited 1 branch of the dungeon, and saw 3 of its levels.

You collected 34 gold pieces.

Inventory:

Hand Weapons
 i - a cursed +0 hand axe (weapon)
Missiles
 e - 20 bolts
 h - 3 tomahawks (quivered)
Armour
 l - a +0 chain mail (worn)
Books
 b - a book of Air

   Spells                             Type                      Level
   a - Shock                          Conjuration/Air              1
   b - Swiftness                      Charms/Air                   2
   c - Repel Missiles                 Charms/Air                   2
   d - Static Discharge               Conjuration/Air              3
   e - Lightning Bolt                 Conjuration/Air              5
 f - a book of Spatial Translocations

   Spells                             Type                      Level
   a - Apportation                    Translocation                1
   b - Blink                          Translocation                2
   c - Shroud of Golubria             Charms/Translocation         2
   d - Portal Projectile              Translocation                3
   e - Teleport Other                 Translocation                3
   f - Passage of Golubria            Translocation                4
Comestibles
 c - 2 bread rations
 g - a meat ration
 k - a beef jerky


   Skills:
 * Level 2.4 Fighting
 * Level 0.0 Armour
 - Level 1.3 Dodging
 - Level 1.2 Stealth
 - Level 1.5 Spellcasting
 - Level 0.8 Conjurations
 - Level 2.6 Air Magic


You had one spell level left.
You knew the following spells:

 Your Spells              Type           Power        Failure   Level  Hunger
a - Shock                 Conj/Air       #...         100%        1    ##.....
b - Repel Missiles        Chrm/Air       #.....       100%        2    ###....


Dungeon Overview and Level Annotations

Branches:
Dungeon (3/15)

Altars:
Okawaru


Innate Abilities, Weirdness & Mutations

You have hooves in place of feet.
Armour fits poorly on your strangely shaped body.
You cover ground very quickly.
You have extremely tough skin (AC +3).


Message History

Okay, then.
You can't unwield your weapon to draw a new one!
Unknown command.
Drink which item? (? for menu, Esc to quit)
It was a potion of agility.
You feel agile all of a sudden.
* * * LOW HITPOINT WARNING * * *
You feel sick. The adder closely misses you.
The adder bites you but does no damage.
Drink which item? (? for menu, Esc to quit)
It was a potion of flight.
You feel very buoyant.
You fly up into the air.
* * * LOW HITPOINT WARNING * * *
You feel sick. The adder barely misses you.
Drink which item? (? for menu, Esc to quit)
It was a potion of invisibility.
You fade into invisibility!
The adder closely misses you.
You die...

.#. # .. #.###.##
.#....## ......
#.#### ##. #...#
### ......
.#...#####..###..
#.....
......S....#.#.#
######
........@?....#
.....########.#
##.# #.# #
########.#
.........#
########.# #.#
#.# #.#


You could see an adder.

Vanquished Creatures
  2 giant geckos
  2 bats (D:1)
  5 hobgoblins (D:1)
  2 jackals (D:2)
  A giant newt (D:1)
  4 goblins
  A kobold (D:1)
  3 rats (D:1)
20 creatures vanquished.

Notes
Turn   | Place    | Note
--------------------------------------------------------------
     0 | D:1      | Chiseanne the Centaur Air Elementalist began the quest for the Orb.
     0 | D:1      | Reached XP level 1. HP: 14/14 MP: 3/3
   119 | D:1      | Found an iron altar of Okawaru.
   299 | D:1      | Reached skill level 1 in Fighting
   365 | D:1      | Reached XP level 2. HP: 10/23 MP: 4/4
  1299 | D:1      | Learned a level 2 spell: Repel Missiles
  1887 | D:2      | HP: 1/25 [poisoned by an adder]
  1889 | D:2      | Succumbed to an adder's poison

Action                   || total
-------------------------++-------
Melee: Hand axe          ||    56
       Unarmed           ||     6
       Dagger            ||     5
 Cast: Shock             ||     3
       Repel Missiles    ||     1
  Use: Potion            ||     3
       Scroll            ||     1
  Eat: Chunk             ||     2
